 Dungeon Crawl Stone Soup version 0.23-a0-577-g2b1de94 (webtiles) character file.

3176 Azzok the Martial Artist (level 9, -2/81 HPs)
             Began as a Gnoll Transmuter on Dec 15, 2018.
             Was a Believer of Cheibriados.
             Slain by a swamp worm (5 damage)
             ... on level 8 of the Dungeon.
             The game lasted 00:11:38 (8725 turns).

Azzok the Martial Artist (Gnoll Transmuter)         Turns: 8725, Time: 00:11:38

Health: -2/81      AC:  7    Str: 19    XL:     9   Next: 95%
Magic:  19/19      EV: 15    Int: 28    God:    Cheibriados [**....]
Gold:   370        SH:  0    Dex: 21    Spells: 11/21 levels left

rFire    . . .     SeeInvis .     - Unarmed
rCold    + + +     Gourm    .   (shield currently unavailable)
rNeg     . . .     Faith    .   (armour currently unavailable)
rPois    +         Spirit   .   (helmet currently unavailable)
rElec    .         Reflect  .   (cloak currently unavailable)
rCorr    .         Harm     .   (gloves currently unavailable)
MR       .....                  (boots currently unavailable)
Stlth    +++.......             (no amulet)
HPRegen  0.23/turn              v - ring of protection from fire
MPRegen  0.16/turn              o - +3 ring of intelligence

@: about to teleport, ice-form, very slow
A: large, distributed training, strong nose
a: End Transformation, Bend Time, Renounce Religion


You were on level 8 of the Dungeon.
You worshipped Cheibriados.
Cheibriados was pleased with you.
You were not hungry.
You were a creature of crystalline ice.
You visited 1 branch of the dungeon, and saw 8 of its levels.
You also visited: Ossuary.

You collected 370 gold pieces.

Inventory:

Missiles
 a - 141 arrows
Armour
 b - a +0 robe (melded)
 c - a scarf of resistance (melded)
 y - a +0 helmet (melded)
Magical Staves
 I - an uncursed staff of power (melded)
Jewellery
 k - an uncursed ring of see invisible
 o - a +3 ring of intelligence (right front paw)
 v - a ring of protection from fire (left front paw)
 C - an uncursed ring of protection from fire
Wands
 A - a wand of disintegration (9)
 F - a wand of enslavement (5)
Scrolls
 e - 8 scrolls of remove curse
 f - 5 scrolls of identify
 g - a scroll of magic mapping {unknown}
 h - a scroll of enchant weapon {unknown}
 i - 7 scrolls of teleportation
 j - 2 scrolls of noise {unknown}
 l - 3 scrolls of blinking {unknown}
 n - 3 scrolls of random uselessness {unknown}
 s - a scroll of fog {unknown}
 t - a scroll of immolation {unknown}
 x - a scroll of enchant armour {unknown}
 D - a scroll of holy word {unknown}
 E - a scroll of vulnerability {unknown}
 G - a scroll of amnesia {unknown}
Potions
 m - 5 potions of curing {unknown}
 p - 2 potions of cancellation {unknown}
 q - 2 potions of magic {unknown}
 r - a potion of mutation {unknown}
 u - a potion of agility {unknown}
 w - a potion of lignification {unknown}
 z - 2 potions of flight {unknown}
 B - a potion of heal wounds
 H - a potion of ambrosia {unknown}
Comestibles
 d - 11 rations


   Skills:
 + Level 5.4 Fighting
 + Level 4.6 Short Blades
 + Level 4.6 Long Blades
 + Level 4.6 Axes
 + Level 4.6 Maces & Flails
 + Level 4.6 Polearms
 + Level 4.6 Staves
 + Level 4.6 Slings
 + Level 4.6 Bows
 + Level 4.6 Crossbows
 + Level 4.6 Throwing
 + Level 4.6 Armour
 + Level 6.6 Dodging
 + Level 4.6 Stealth
 + Level 4.6 Shields
 + Level 8.1 Unarmed Combat
 + Level 6.9 Spellcasting
 + Level 3.8 Conjurations
 + Level 3.8 Hexes
 + Level 3.8 Charms
 + Level 3.8 Summonings
 + Level 3.8 Necromancy
 + Level 3.8 Translocations
 + Level 5.4 Transmutations
 + Level 3.8 Fire Magic
 + Level 3.8 Ice Magic
 + Level 3.8 Air Magic
 + Level 3.8 Earth Magic
 + Level 3.8 Poison Magic
 + Level 5.1 Invocations
 + Level 4.6 Evocations


You had 11 spell levels left.
You knew the following spells:

 Your Spells              Type           Power        Failure   Level  Hunger
a - Ice Form              Ice/Tmut       #####...     9%          4    ##.....
b - Spider Form           Tmut/Pois      #####.....   2%          3    None
c - Beastly Appendage     Tmut           #####.       1%          1    None
d - Sticks to Snakes      Tmut           #####...     1%          2    None

Your spell library contained the following spells:

 Spells                   Type           Power        Failure   Level  Hunger
 Blade Hands              Tmut           #####.....   16%         5    #####..


Dungeon Overview and Level Annotations

Branches:
Dungeon (8/15)             Temple (0/1) D:5
   Lair: D:8-11

Altars:
Cheibriados
Elyvilon
Ru
Yredelemnul


Innate Abilities, Weirdness & Mutations

Your experience applies equally to all skills.
((You have very sharp teeth.))
Your uncanny sense of smell can sniff out nearby items.


Message History

Unknown command.
You closely miss the swamp worm.
A swamp worm comes into view.
The swamp worm bites you. The swamp worm bites you!
The swamp worm bites you but does no damage.
Okay, then.
As you read the scroll labeled IMYIDA SEIRHI, it crumbles to dust.
You feel strangely unstable.
It was a scroll of teleportation.
The swamp worm bites the plant.
The swamp worm bites you! x2
* * * LOW HITPOINT WARNING * * *
The swamp worm bites you!
* * * LOW HITPOINT WARNING * * *
The swamp worm bites the plant.
The swamp worm throws harpoon shot at you.
The harpoon shot hits you!
* * * LOW HITPOINT WARNING * * *
You are yanked forward by the harpoon shot.
Floosh!
The swamp worm bites you.
You die...

▒▒▒▒▒ ▒···▒▒▒▒▒▒▒▒▒▒·▒
▒·▒▒▒▒
·············╬··▒·····
·············▒··▒··≈≈
·············▒··▒≈≈≈≈
·············▒··≈≈≈▒ ▒▒▒
▒···▒▒▒▒▒▒'▒▒▒··≈≈P▒≈≈≈≈
▒···▒▒▒▒▒▒[▒▒▒··≈w≈≈w≈≈≈
▒··········▒···wYwP▒
···········'····w≈≈▒▒▒▒▒▒
▒··▒▒·▒▒··▒▒▒··▒▒≈≈≈≈≈≈≈≈
▒ ▒▒▒▒▒▒··▒▒▒·≈≈≈≈≈≈
··················
··················
···▒▒···▒▒▒▒▒▒▒▒▒▒ ··
▒···▒ · ······


You could see 5 swamp worms.

Vanquished Creatures
  6 humans (D:7)
  A sky beast (D:6)
  2 orc warriors
  A phantom (D:3)
  2 ogres
  3 bullfrogs
  7 scorpions
  A howler monkey (D:6)
  A bullfrog zombie (D:5)
  3 centaur zombies (Ossuary)
  A quasit (D:5)
  A jelly (D:6)
  3 hounds
  A human zombie (Ossuary)
  7 orc priests
  8 orc wizards
  A bullfrog skeleton (D:5)
  An iguana (D:3)
  5 worker ants
  A big kobold zombie (Ossuary)
  3 mummies (Ossuary)
  A worker ant zombie (D:7)
  3 gnolls (D:6)
  4 scorpion zombies (Ossuary)
  9 adders
  A shadow imp (D:7)
  An adder skeleton (D:4)
  3 worms
  A dart slug (D:3)
  2 leopard geckos
  22 orcs
  A ball python (D:1)
  8 bats
  A giant cockroach (D:3)
  5 goblins
  9 hobgoblins
  16 jackals
  2 quokkas
  5 frilled lizards
  2 gnoll zombies (Ossuary)
  6 goblin zombies (Ossuary)
  A hobgoblin zombie (Ossuary)
  4 kobolds
  A kobold zombie (Ossuary)
  An orc zombie (Ossuary)
  6 rats
174 creatures vanquished.

Vanquished Creatures (others)
  A leopard gecko (D:2)
  A quokka (D:2)
  2 plants (D:8)
4 creatures vanquished.

Grand Total: 178 creatures vanquished

Notes
Turn   | Place    | Note
-------+----------+-------------------------------------------
     0 | D:1      | Azzok the Gnoll Transmuter began the quest for the Orb.
     0 | D:1      | Reached XP level 1. HP: 17/17 MP: 6/6
   383 | D:1      | Reached XP level 2. HP: 14/23 MP: 7/7
  1039 | D:2      | Found a faded altar of an unknown god.
  1187 | D:2      | Reached XP level 3. HP: 15/28 MP: 9/9
  1364 | D:2      | Learned a level 3 spell: Spider Form
  1404 | D:2      | Reached skill level 5 in Spellcasting
  1405 | D:2      | Found a white marble altar of Elyvilon.
  1589 | D:2      | Reached skill level 1 in Invocations
  1691 | D:2      | Reached skill level 1 in Short Blades
  1691 | D:2      | Reached skill level 1 in Long Blades
  1691 | D:2      | Reached skill level 1 in Axes
  1691 | D:2      | Reached skill level 1 in Maces & Flails
  1691 | D:2      | Reached skill level 1 in Polearms
  1691 | D:2      | Reached skill level 1 in Staves
  1691 | D:2      | Reached skill level 1 in Slings
  1691 | D:2      | Reached skill level 1 in Bows
  1691 | D:2      | Reached skill level 1 in Crossbows
  1691 | D:2      | Reached skill level 1 in Throwing
  1691 | D:2      | Reached skill level 1 in Armour
  1691 | D:2      | Reached skill level 1 in Stealth
  1691 | D:2      | Reached skill level 1 in Shields
  1691 | D:2      | Reached skill level 1 in Evocations
  1808 | D:2      | Reached XP level 4. HP: 34/34 MP: 7/11
  1840 | D:2      | Found a basalt altar of Yredelemnul.
  1903 | D:2      | Learned a level 4 spell: Ice Form
  1964 | D:2      | Found a sacrificial altar of Ru.
  2223 | D:3      | Reached skill level 1 in Conjurations
  2223 | D:3      | Reached skill level 1 in Hexes
  2223 | D:3      | Reached skill level 1 in Charms
  2223 | D:3      | Reached skill level 1 in Summonings
  2223 | D:3      | Reached skill level 1 in Necromancy
  2223 | D:3      | Reached skill level 1 in Translocations
  2223 | D:3      | Reached skill level 1 in Fire Magic
  2223 | D:3      | Reached skill level 1 in Ice Magic
  2223 | D:3      | Reached skill level 1 in Air Magic
  2223 | D:3      | Reached skill level 1 in Earth Magic
  2223 | D:3      | Reached skill level 1 in Poison Magic
  2240 | D:3      | Reached XP level 5. HP: 34/40 MP: 7/12
  2699 | D:3      | Reached XP level 6. HP: 33/47 MP: 10/13
  3203 | D:4      | Learned a level 2 spell: Sticks to Snakes
  3427 | D:4      | Reached skill level 5 in Dodging
  3771 | D:4      | Noticed an orc warrior
  3786 | D:4      | Killed an orc warrior
  3786 | D:4      | Reached XP level 7. HP: 23/52 MP: 12/15
  4089 | D:4      | Reached skill level 7 in Unarmed Combat
  4672 | D:5      | Entered Level 5 of the Dungeon
  4674 | D:5      | Found a snail-covered altar of Cheibriados.
  4686 | D:5      | Became a worshipper of Cheibriados the Contemplative
  4710 | D:5      | Found a staircase to the Ecumenical Temple.
  4757 | D:5      | Reached XP level 8. HP: 60/60 MP: 16/16
  5696 | D:6      | Reached * piety under Cheibriados
  6001 | D:6      | Found a sand-covered staircase.
  6006 | Ossuary  | Entered an ossuary
  6307 | Ossuary  | Reached XP level 9. HP: 61/66 MP: 18/18
  6533 | Ossuary  | Reached ** piety under Cheibriados
  6537 | Ossuary  | Reached skill level 5 in Transmutations
  7791 | D:7      | Reached skill level 5 in Fighting
  7815 | D:7      | Reached skill level 8 in Unarmed Combat
  7832 | D:7      | Reached skill level 5 in Invocations
  8725 | D:8      | HP: 3/81 [swamp worm/harpoon shot (3)]
  8725 | D:8      | Slain by a swamp worm

Vault maps used:
D:1:      arrival_zaba_pyramid
D:2:      nicolae_ru_the_path_less_chosen, lemuel_round_altar,
          chequers_ecumenical_altar_simple, first_ration,
          chequers_serial_rivers_micro_d, elyvilon_altar_4
D:5:      minmay_temple_entry_statues_pillars, basic_altar
D:6:      enter_ossuary_5, abandoned_shop
D:7:      minmay_ruffians
D:8:      chequers_temple_overflow_minitemple, grunt_ogre_cave, worms_lemuel,
          uniq_psyche
Ossuary:  ossuary_minmay_scorpions

Skill      XL: |  1  2  3  4  5  6  7  8  9 |
---------------+----------------------------+-----
Spellcasting   | 5 6 |  6.9
Invocations    | 1 2 3 4 5 |  5.1
Short Blades   | 1 2 3 4 |  4.6
Long Blades    | 1 2 3 4 |  4.6
Axes           | 1 2 3 4 |  4.6
Maces & Flails | 1 2 3 4 |  4.6
Polearms       | 1 2 3 4 |  4.6
Staves         | 1 2 3 4 |  4.6
Slings         | 1 2 3 4 |  4.6
Bows           | 1 2 3 4 |  4.6
Crossbows      | 1 2 3 4 |  4.6
Throwing       | 1 2 3 4 |  4.6
Armour         | 1 2 3 4 |  4.6
Stealth        | 1 2 3 4 |  4.6
Shields        | 1 2 3 4 |  4.6
Evocations     | 1 2 3 4 |  4.6
Conjurations   | 1 2 3 |  3.8
Hexes          | 1 2 3 |  3.8
Charms         | 1 2 3 |  3.8
Summonings     | 1 2 3 |  3.8
Necromancy     | 1 2 3 |  3.8
Translocations | 1 2 3 |  3.8
Fire Magic     | 1 2 3 |  3.8
Ice Magic      | 1 2 3 |  3.8
Air Magic      | 1 2 3 |  3.8
Earth Magic    | 1 2 3 |  3.8
Poison Magic   | 1 2 3 |  3.8
Fighting       | 3 4 5 |  5.4
Transmutations | 4 5 |  5.4
Dodging        | 5 6 |  6.6
Unarmed Combat | 7 8 |  8.1

Action                   |  1- 3 |  4- 6 |  7- 9 || total
-------------------------+-------+-------+-------++-------
Melee: Unarmed           |    99 |   121 |   265 ||   485
       Bite              |     6 |     1 |     3 ||    10
       Headbutt          |     5 |       |       ||     5
       Punch             |     1 |       |       ||     1
       Staff             |       |       |     3 ||     3
 Cast: Beastly Appendage |     5 |       |       ||     5
       Spider Form       |     6 |    18 |     4 ||    28
       Ice Form          |       |       |    29 ||    29
  Use: Potion            |     1 |       |     1 ||     2
       Scroll            |       |     1 |     3 ||     4
 Stab: Sleeping          |     1 |     3 |     4 ||     8
  Eat: Chunk             |     3 |     7 |     8 ||    18
       Ration            |       |       |     2 ||     2
Armor: Robe              |    14 |     7 |     1 ||    22
       Skin              |     1 |     4 |    64 ||    69
Dodge: Dodged            |    66 |    98 |   187 ||   351

Table legend:
 A = Non-vault XP
 B = Vault XP
 C = Vault XP percentage of total XP
 D = Non-vault monster count
 E = Vault monster count
 F = Vault count percentage of total count
                 A         B        C        D         E       F
            +---------+---------+-------+---------+---------+-------
      Total |    2645 |    1893 |  41.7 |     139 |      35 |  20.1
            +---------+---------+-------+---------+---------+-------
        D:1 |      23 |       0 |   0.0 |      14 |       0 |   0.0
        D:2 |      68 |       0 |   0.0 |      24 |       0 |   0.0
        D:3 |     397 |       0 |   0.0 |      36 |       0 |   0.0
        D:4 |     647 |       0 |   0.0 |      24 |       0 |   0.0
        D:5 |     349 |       0 |   0.0 |      13 |       0 |   0.0
        D:6 |     724 |       0 |   0.0 |      17 |       0 |   0.0
        D:7 |     405 |    1156 |  74.1 |      10 |       6 |  37.5
        D:8 |      32 |       0 |   0.0 |       1 |       0 |   0.0
    Ossuary |       0 |     737 | 100.0 |       0 |      29 | 100.0
            +---------+---------+-------+---------+---------+-------
